 Dungeon Crawl Stone Soup version 0.29.1-12-g30fa7ad0bf (webtiles) character file.

Game seed: 11421684249296625463

151 KittyFluff the Cudgeller (level 5, -4/33 HPs)
             Began as a Gargoyle Berserker on Jan 3, 2023.
             Was a Believer of Trog.
             Slain by a hound (5 damage)
             ... on level 5 of the Dungeon.
             The game lasted 00:09:07 (2104 turns).

KittyFluff the Cudgeller (Gargoyle Berserker)       Turns: 2104, Time: 00:09:07

Health: -4/33      AC:  8    Str: 20    XL:     5   Next: 33%
Magic:  5/5        EV: 11    Int:  8    God:    Trog [**....]
Gold:   132        SH:  5    Dex: 11    Spells: 4/4 levels left

rFire   . . .      SeeInvis .   a - +0 mace
rCold   . . .      Faith    .   (no shield)
rNeg    + . .      Spirit   .   h - +0 leather armour
rPois   ∞          Reflect  +   (no helmet)
rElec   +          Harm     .   g - +0 cloak
rCorr   .          Rampage  .   (no gloves)
Will    .....                   (no boots)
Stlth   +.........              n - amulet of reflection
HPRegen 0.11/turn               (no ring)
MPRegen 0.09/turn               (no ring)

@: weak-willed, on berserk cooldown, slowed, very slow
A: sickness immunity, AC +4, negative energy resistance 1, electricity
resistance, torment resistance 1, petrification resistance
a: Renounce Religion, Berserk, Trog's Hand


You were on level 5 of the Dungeon.
You worshipped Trog.
Trog was pleased with you.
You visited 1 branch of the dungeon, and saw 4 of its levels.

You collected 132 gold pieces.

Inventory:

Hand Weapons
 a - a +0 mace (weapon)
 i - a +0 dire flail
Missiles
 c - 36 stones (quivered)
Armour
 b - a +0 animal skin
 g - a +0 cloak (worn)
 h - a +0 leather armour (worn)
 p - a +0 ring mail
Jewellery
 n - an amulet of reflection (around neck)
Scrolls
 d - a scroll of magic mapping {unknown}
 e - a scroll of noise {unknown}
 f - a scroll of teleportation {unknown}
Potions
 k - a potion of curing
 l - 2 potions of magic
 o - a potion of might {unknown}
 q - a potion of degeneration


   Skills:
 + Level 3.9 Fighting
 * Level 4.6 Maces & Flails
 + Level 0.1 Throwing
 * Level 3.1 Armour
 + Level 2.0 Dodging
 + Level 0.5 Stealth
 + Level 0.8 Shields


You had 4 spell levels left.
You didn't know any spells.
Your spell library was empty.

Dungeon Overview and Level Annotations

Branches:
Dungeon (3/15)

Altars:

Shops:
D:1 *

Annotations:
D:3 1 transporter


Innate Abilities, Weirdness & Mutations

You are immune to sickness and miasma.
Your stone body is resilient. (AC +4)
You are immune to poison.
You resist negative energy. (rN+)
You are resistant to electric shocks. (rElec)
You are resistant to unholy torment.
You are immune to petrification.


Message History

Your Armour skill increases to level 3!
Your Dodging skill increases to level 2!
You have reached level 4!
You feel clever.
You have reached level 5!
You feel a strong urge to attack something.
You feel your anger nearly subside.
You are no longer berserk.
You are exhausted.
You feel yourself slow down.
Things that are here:
a +0 club; an orc corpse The hound bites you.
The hound attacks as you move away! The hound completely misses you.
The hound bites you.
* * * LOW HITPOINT WARNING * * *
You block the hound's attack. The hound bites you but does no damage.
An orc wizard appears from thin air!
Reactivating autopickup.
The hound bites you but does no damage. The hound bites you.
* * * LOW HITPOINT WARNING * * *
The hound bites you but does no damage. The hound closely misses you.
The hound attacks as you move away! The hound closely misses you.
You flicker for a moment.
The hound bites you.
* * * LOW HITPOINT WARNING * * *
The hound attacks as you move away! The hound bites you but does no damage.
Found a robe.
The hound bites you but does no damage. The hound closely misses you.
The hound bites you.
* * * LOW HITPOINT WARNING * * *
You flicker back into view.
You block the hound's attack.
The orc wizard mumbles some strange words.
The orc wizard flickers and vanishes!
Deactivating autopickup; reactivate with Ctrl-A.
The hound attacks as you move away! The hound barely misses you.
The hound bites you.
You die...

# #†##o#######..#
♣..♣#≈##o##....# #..#
..Yoo.'o.#####.# #..#
.?oO..'O## #O# #..#
♣?o♣#≈### #.# #..# #
#≈ #o# #..## ≈ #.#
#...#
#############.####.#.#
#..[...@ho.{.O.....#.#
#############....###^#
####.# .# #.# #.# #.#
#[# #.# #.#


You could see an ogre (weak-willed), a hound (weak-willed) and an orc.

Vanquished Creatures
  A water moccasin (D:5)
  An adder (D:5)
  An orc (D:5)
  4 bats
  An endoplasm (D:1)
  5 giant cockroaches
  3 hobgoblins
  2 kobolds
  2 quokkas (D:1)
  4 ball pythons
  A frilled lizard (D:1)
  5 goblins
  4 rats
34 creatures vanquished.

Notes
Turn   | Place    | Note
-------+----------+-------------------------------------------
     0 | D:1      | KittyFluff the Gargoyle Berserker began the quest for the
                  | Orb.
     0 | D:1      | Reached XP level 1. HP: 14/14 MP: 1/1
    96 | D:1      | Reached XP level 2. HP: 10/19 MP: 2/2
   925 | D:1      | Found a faded altar of an unknown god.
   950 | D:1      | Found Quirch Sunu's Assorted Antiques.
  1648 | D:2      | Reached XP level 3. HP: 18/24 MP: 3/3
  1924 | D:3      | Found a transporter.
  1930 | D:3      | Identified the +11 halberd of the Orb {venom, Contam rN++
                  | Dex+6}
  1931 | D:3      | You fall into a shaft and drop 2 floors!
  1931 | D:5      | Entered Level 5 of the Dungeon
  1957 | D:5      | Reached ** piety under Trog
  2063 | D:5      | Noticed an ice beast
  2063 | D:5      | Noticed a water moccasin
  2063 | D:5      | Noticed an ogre
  2082 | D:5      | Killed a water moccasin
  2083 | D:5      | Reached skill level 4 in Maces & Flails
  2083 | D:5      | Reached XP level 4. HP: 13/29 MP: 4/4
  2083 | D:5      | Reached XP level 5. HP: 15/33 MP: 5/5
  2102 | D:5      | HP: 1/33 [hound (5)]
  2104 | D:5      | Slain by a hound

Illustrated notes

Levels and vault maps discovered:
D:1:      ncdulo_smallfort, layout_basic, shapermc_ecumenical_altar_venn,
          serial_shops, shop
D:2:      layout_basic, chequers_serial_rivers_micro_d
D:3:      layout_loops_ring, gammafunk_ghost_gnarly_gnolls, serial_undead,
          serial_undead_c, serial_undead_e, serial_undead_d, serial_undead_a
D:5:      layout_loops_ring, okawaru_altar_gauntlet_db, kennysheep_little_box,
          dancing_weapons_uskayaw, kennysheep_generic_room_5

Skill      XL: |  1  2  3 |
---------------+----------+-----
Maces & Flails | 4 |  4.6
Armour         | 3 |  3.1
Dodging        | 2 |  2.0
Fighting       | |  3.9
Throwing       | |  0.1
Stealth        | |  0.5
Shields        | |  0.8

Action                   |  1- 3 |  4- 6 || total
-------------------------+-------+-------++-------
Melee: Mace              |   129 |       ||   129
       Punch             |     1 |       ||     1
Throw: Stone             |     5 |       ||     5
  Use: Scroll            |     3 |       ||     3
       Potion            |     3 |       ||     3
Armor: Animal skin       |    15 |       ||    15
       Leather armour    |    32 |     5 ||    37
Dodge: Dodged            |    96 |     5 ||   101
Block: Other             |    21 |     2 ||    23
       Reflection        |     2 |       ||     2
